MID
LANSING LUGNUTS @ CEDAR RAPIDS KERNELS
10/14/2046
 
TOP OF THE 1ST
Durham Bulls batting - Pitching for Pawtucket Red Sox : RHP Scott Staples
Pitching: RHP Scott Staples
Batting: LHB Angel Ruvalcaba 0-0: Foul Ball, location: 2F
0-1: TRIPLE (Flyball, 89XD, EV 103.8 MPH)
Batting: RHB Danny Diaz 0-0: Foul Ball, location: 2F
0-1: Swinging Strike
0-2: Strikes out swinging
Batting: LHB Austin Ohmer 0-0: Called Strike
0-1: Ball
1-1: Ball
2-1: Foul Ball, location: 2F
2-2: Ball
3-2: Foul Ball, location: 2F
3-2: Foul Ball, location: 2F
3-2: Base on Balls
Batting: SHB Hans Mikkelsen 0-0: Ball
1-0: Called Strike
1-1: Foul Ball, location: 2F
1-2: Strikes out swinging
Batting: RHB Eugênio Asceno 0-0: Called Strike
Austin Ohmer steals 2nd base (no throw)
0-1: Ball
1-1: Ball
2-1: Foul Ball, location: 2F
2-2: Foul Ball, location: 2F
2-2: Foul Ball, location: 2F
2-2: Ball
3-2: Fly out, F4 (Popup, 34S, EV 81.9 MPH)
Top of the 1st over - 0 runs, 1 hit, 0 errors, 2 left on base; Durham 0 - Pawtucket 0
BOTTOM OF THE 1ST
Pawtucket Red Sox batting - Pitching for Durham Bulls : RHP Joel Montenegro
Pitching: RHP Joel Montenegro
Batting: RHB Nate Dickinson 0-0: Ball
1-0: Foul Ball, location: 2F
1-1: Ball
2-1: Ground out 5-3 (Groundball, 56, EV 82.5 MPH)
Batting: RHB Xavier Joslin 0-0: Ball
1-0: Ground out 5-3 (Groundball, 5, EV 105.0 MPH)
Batting: RHB Marty King 0-0: Ball
1-0: Ball
2-0: Ball
3-0: Called Strike
3-1: Called Strike
3-2: Strikes out swinging
Bottom of the 1st over - 0 runs, 0 hits, 0 errors, 0 left on base; Durham 0 - Pawtucket 0
TOP OF THE 2ND
Durham Bulls batting - Pitching for Pawtucket Red Sox : RHP Scott Staples
Batting: SHB Ben Pierce 0-0: Ball
1-0: Ball
2-0: Ball
3-0: Called Strike
3-1: Base on Balls
Batting: LHB Robin More 0-0: Ball
1-0: Ball
2-0: Called Strike
2-1: Swinging Strike
2-2: Ball
3-2: Base on Balls
Ben Pierce to second
Batting: SHB Jose Vargas 0-0: Ball
1-0: Called Strike
1-1: Ball
2-1: Called Strike
2-2: Ball
3-2: SINGLE (Groundball, 6S, EV 65.0 MPH) (infield hit)
Ben Pierce to third
Robin More to second
Pinch Runner at 1st Dusty Camelli:
Batting: LHB Danny Hull 0-0: Called Strike
0-1: SINGLE (Line Drive, 8RS, EV 93.8 MPH)
Ben Pierce scores
Robin More to third
Dusty Camelli to second
Batting: LHB Angel Ruvalcaba 0-0: SINGLE (Line Drive, 6MD, EV 93.8 MPH)
Robin More scores
Dusty Camelli to third
Danny Hull to second
Batting: RHB Danny Diaz 0-0: Fielders Choice at 2nd, 5-4 (Groundball, 56S, EV 84.4 MPH)
Dusty Camelli scores
Danny Hull to third
Batting: LHB Austin Ohmer 0-0: Ball
1-0: Called Strike
1-1: Ball
Danny Diaz is caught stealing 2nd base 2-6
2-1: Foul Ball, location: 2F
2-2: Ball
3-2: Strikes out swinging, 2-3 out at first.
Top of the 2nd over - 3 runs, 3 hits, 0 errors, 1 left on base; Durham 3 - Pawtucket 0
BOTTOM OF THE 2ND
Pawtucket Red Sox batting - Pitching for Durham Bulls : RHP Joel Montenegro
Now at SS: Dusty Camelli
Batting: SHB Ben Ervin 0-0: Called Strike
0-1: Called Strike
0-2: Foul Ball, location: 2F
0-2: Fly out, F7 (Line Drive, 7, EV 88.1 MPH)
Batting: RHB Ernie Genier 0-0: Called Strike
0-1: Ball
1-1: Ball
2-1: Foul Ball, location: 2F
2-2: Ground out 4-3 (Groundball, 4, EV 85.0 MPH)
Batting: LHB Justin Wenzel 0-0: Called Strike
0-1: Fly out, F6 (Line Drive, 6, EV 69.4 MPH)
Bottom of the 2nd over - 0 runs, 0 hits, 0 errors, 0 left on base; Durham 3 - Pawtucket 0
TOP OF THE 3RD
Durham Bulls batting - Pitching for Pawtucket Red Sox : RHP Scott Staples
Batting: SHB Hans Mikkelsen 0-0: Called Strike
0-1: Ball
1-1: Called Strike
1-2: Fly out, F8 (Flyball, 8RXD, EV 105.0 MPH)
Batting: RHB Eugênio Asceno 0-0: Called Strike
0-1: Called Strike
0-2: Foul Ball, location: 2F
0-2: Strikes out swinging, 2-3 out at first.
Batting: SHB Ben Pierce 0-0: Ball
1-0: SINGLE (Groundball, 5D, EV 97.5 MPH)
Batting: LHB Robin More 0-0: Ball
1-0: Foul Ball, location: 2F
1-1: Foul Ball, location: 2F
1-2: Strikes out swinging
Top of the 3rd over - 0 runs, 1 hit, 0 errors, 1 left on base; Durham 3 - Pawtucket 0
BOTTOM OF THE 3RD
Pawtucket Red Sox batting - Pitching for Durham Bulls : RHP Joel Montenegro
Batting: RHB Mike Quackenbush 0-0: Called Strike
0-1: SINGLE (Line Drive, 9S, EV 90.6 MPH)
Batting: RHB Garry Hash 0-0: Ball
1-0: Ball
2-0: DOUBLE (Flyball, 89D, EV 97.5 MPH)
Mike Quackenbush to third
Batting: SHB Gus Cruz 0-0: Called Strike
0-1: Foul Ball, location: 2F
0-2: Foul Ball, location: 2F
0-2: Ball
1-2: Ground out 6-3 (Groundball, 6, EV 78.8 MPH)
Mike Quackenbush scores
Garry Hash to third
Batting: RHB Nate Dickinson 0-0: Swinging Strike
0-1: Called Strike
0-2: Ball
1-2: Foul Ball, location: 2F
1-2: Foul Ball, location: 2F
1-2: Ball
2-2: Ball
3-2: Foul Ball, location: 2F
3-2: Foul Ball, location: 2F
3-2: Foul Ball, location: 2F
3-2: Foul Ball, location: 2F
3-2: Foul Ball, location: 2F
3-2: Fly out, F8 (Line Drive, 8RD, EV 96.2 MPH)
Runner from 3rd tags up, SCORES, throw by CF
Batting: RHB Xavier Joslin 0-0: Ball
1-0: Called Strike
1-1: Called Strike
1-2: Strikes out looking
Bottom of the 3rd over - 2 runs, 2 hits, 0 errors, 0 left on base; Durham 3 - Pawtucket 2
TOP OF THE 4TH
Durham Bulls batting - Pitching for Pawtucket Red Sox : RHP Scott Staples
Batting: RHB Dusty Camelli 0-0: Called Strike
0-1: Swinging Strike
0-2: Ball
1-2: Strikes out swinging
Batting: LHB Danny Hull 0-0: Ball
1-0: Ball
2-0: DOUBLE (Line Drive, 8LXD, EV 108.1 MPH)
Batting: LHB Angel Ruvalcaba 0-0: Foul Ball, location: 2F
0-1: Reached via error on a dropped throw from P, E3 (Groundball, 13, EV 68.8 MPH)
Danny Hull to third
Batting: RHB Danny Diaz 0-0: Called Strike
0-1: Foul Ball, location: 2F
0-2: Ball
1-2: Strikes out swinging
Batting: LHB Austin Ohmer 0-0: Called Strike
0-1: Foul Ball, location: 2F
0-2: Ball
Angel Ruvalcaba is caught stealing 2nd base 2-6
Top of the 4th over - 0 runs, 1 hit, 1 error, 1 left on base; Durham 3 - Pawtucket 2
BOTTOM OF THE 4TH
Pawtucket Red Sox batting - Pitching for Durham Bulls : RHP Joel Montenegro
Batting: RHB Marty King 0-0: Ball
1-0: Ball
2-0: Called Strike
2-1: Called Strike
2-2: Fly out, F8 (Line Drive, 8RM, EV 88.8 MPH)
Batting: SHB Ben Ervin 0-0: Ball
1-0: Foul Ball, location: 2F
1-1: Ball
2-1: Ball
3-1: Base on Balls
Batting: RHB Ernie Genier 0-0: Ball
1-0: Called Strike
1-1: Called Strike
Ben Ervin steals 2nd base
1-2: Ground out U3 (Groundball, 34S, EV 87.5 MPH)
Ben Ervin to third
Batting: LHB Justin Wenzel 0-0: SINGLE (Groundball, 4D, EV 100.0 MPH)
Ben Ervin scores
Batting: RHB Mike Quackenbush 0-0: Called Strike
0-1: Ball
1-1: SINGLE (Line Drive, 78S, EV 96.9 MPH)
Justin Wenzel to second
Batting: RHB Garry Hash 0-0: Ball
1-0: Foul Ball, location: 2F
1-1: Foul Ball, location: 2F
1-2: Ball
2-2: Foul Ball, location: 2F
2-2: Ball
3-2: Foul Ball, location: 2F
3-2: Strikes out swinging
Bottom of the 4th over - 1 run, 2 hits, 0 errors, 2 left on base; Durham 3 - Pawtucket 3
TOP OF THE 5TH
Durham Bulls batting - Pitching for Pawtucket Red Sox : RHP Scott Staples
Batting: LHB Austin Ohmer 0-0: Called Strike
0-1: Called Strike
0-2: Ball
1-2: Ground out 1-3 (Groundball, 34S, EV 72.5 MPH)
Batting: SHB Hans Mikkelsen 0-0: Called Strike
0-1: Ground out 6-3 (Groundball, 6M, EV 83.8 MPH)
Batting: RHB Eugênio Asceno 0-0: Ball
1-0: Ball
2-0: Swinging Strike
2-1: Called Strike
2-2: Ground out 5-3 (Groundball, 56, EV 92.5 MPH)
Top of the 5th over - 0 runs, 0 hits, 0 errors, 0 left on base; Durham 3 - Pawtucket 3
BOTTOM OF THE 5TH
Pawtucket Red Sox batting - Pitching for Durham Bulls : RHP Joel Montenegro
Batting: SHB Gus Cruz 0-0: Ball
1-0: Ball
2-0: SINGLE (Groundball, 13S, EV 73.8 MPH) (infield hit)
Batting: RHB Nate Dickinson 0-0: Ball
1-0: Ball
2-0: Called Strike
2-1: Ball
Gus Cruz steals 2nd base
3-1: Called Strike
3-2: Strikes out swinging
Batting: RHB Xavier Joslin 0-0: Called Strike
0-1: Fly out, F6 (Popup, 4MS, EV 67.5 MPH)
Batting: RHB Marty King 0-0: Ball
1-0: Fly out, F8 (Flyball, 89M, EV 95.6 MPH)
Bottom of the 5th over - 0 runs, 1 hit, 0 errors, 1 left on base; Durham 3 - Pawtucket 3
TOP OF THE 6TH
Durham Bulls batting - Pitching for Pawtucket Red Sox : RHP Scott Staples
Pitching: LHP Josh Taylor
Batting: SHB Ben Pierce 0-0: SINGLE (Line Drive, 7S, EV 106.2 MPH)
Batting: LHB Robin More 0-0: Ball
1-0: Swinging Strike
1-1: Ball
2-1: Swinging Strike
2-2: Strikes out swinging
Batting: RHB Dusty Camelli 0-0: Ball
1-0: Ball
2-0: Called Strike
2-1: SINGLE (Groundball, 4MD, EV 97.5 MPH)
Ben Pierce to second
Runner from 2nd tries for 3rd, SAFE, throw by CF made to third
Batting: LHB Danny Hull 0-0: Ball
1-0: Ball
2-0: Foul Ball, location: 2F
2-1: Ball
3-1: Foul Ball, location: 2F
3-2: Foul Ball, location: 2F
3-2: Strikes out swinging
Batting: LHB Angel Ruvalcaba 0-0: Ball
1-0: SINGLE (Groundball, 34S, EV 67.5 MPH) (infield hit)
Ben Pierce scores
Dusty Camelli to second
Batting: RHB Danny Diaz 0-0: Called Strike
0-1: Ball
1-1: Ball
2-1: Fielders Choice at 2nd, 6-4 (Groundball, 6, EV 105.6 MPH)
Top of the 6th over - 1 run, 3 hits, 0 errors, 2 left on base; Durham 4 - Pawtucket 3
BOTTOM OF THE 6TH
Pawtucket Red Sox batting - Pitching for Durham Bulls : RHP Joel Montenegro
Batting: SHB Ben Ervin 0-0: Ball
1-0: Foul Ball, location: 2F
1-1: Foul Ball, location: 2F
1-2: Ground out 4-3 (Groundball, 4, EV 86.9 MPH)
Batting: RHB Ernie Genier 0-0: Ball
1-0: Ball
2-0: Foul Ball, location: 2F
2-1: Foul Ball, location: 2F
2-2: Foul Ball, location: 2F
2-2: Ball
3-2: Foul Ball, location: 2F
3-2: Foul Ball, location: 2F
3-2: Base on Balls
Pitching: RHP Tyler Lybrand
Batting: LHB Justin Wenzel 0-0: Called Strike
0-1: Fly out, F9 (Flyball, 89D, EV 90.6 MPH)
Batting: RHB Mike Quackenbush 0-0: Ball
1-0: Called Strike
1-1: Foul Ball, location: 2F
1-2: Ball
2-2: Strikes out swinging
Bottom of the 6th over - 0 runs, 0 hits, 0 errors, 1 left on base; Durham 4 - Pawtucket 3
TOP OF THE 7TH
Durham Bulls batting - Pitching for Pawtucket Red Sox : LHP Josh Taylor
Pitching: LHP Ken Intagliata
Batting: LHB Austin Ohmer 0-0: Called Strike
0-1: Called Strike
0-2: Strikes out swinging
Batting: SHB Hans Mikkelsen 0-0: Swinging Strike
0-1: Foul Ball, location: 2F
0-2: Strikes out looking
Batting: RHB Eugênio Asceno 0-0: Ball
1-0: Ball
2-0: Fly out, F9 (Flyball, 9D, EV 90.0 MPH)
Top of the 7th over - 0 runs, 0 hits, 0 errors, 0 left on base; Durham 4 - Pawtucket 3
BOTTOM OF THE 7TH
Pawtucket Red Sox batting - Pitching for Durham Bulls : RHP Tyler Lybrand
Batting: RHB Garry Hash 0-0: Ball
1-0: Swinging Strike
1-1: Called Strike
1-2: Strikes out swinging
Batting: SHB Gus Cruz 0-0: Called Strike
0-1: Ball
1-1: Called Strike
1-2: Ground out 6-3 (Groundball, 6M, EV 101.9 MPH)
Batting: RHB Nate Dickinson 0-0: Called Strike
0-1: Ball
1-1: Ball
2-1: Foul Ball, location: 2F
2-2: Strikes out looking
Bottom of the 7th over - 0 runs, 0 hits, 0 errors, 0 left on base; Durham 4 - Pawtucket 3
TOP OF THE 8TH
Durham Bulls batting - Pitching for Pawtucket Red Sox : LHP Ken Intagliata
Batting: SHB Ben Pierce 0-0: SINGLE (Groundball, 34D, EV 99.4 MPH)
Batting: LHB Robin More 0-0: Swinging Strike
0-1: Called Strike
0-2: Ball
1-2: Strikes out swinging
Batting: RHB Dusty Camelli 0-0: Ball
1-0: Called Strike
1-1: Ball
2-1: Ball
3-1: Called Strike
3-2: Base on Balls
Ben Pierce to second
Batting: LHB Danny Hull 0-0: Called Strike
0-1: Ball
1-1: Ball
2-1: Ground out 5-3 (Groundball, 56S, EV 86.9 MPH)
Ben Pierce to third
Dusty Camelli to second
Batting: LHB Angel Ruvalcaba 0-0: Foul Ball, location: 2F
0-1: Ball
1-1: Ball
2-1: Called Strike
2-2: Foul Ball, location: 2F
2-2: Strikes out looking
Top of the 8th over - 0 runs, 1 hit, 0 errors, 2 left on base; Durham 4 - Pawtucket 3
BOTTOM OF THE 8TH
Pawtucket Red Sox batting - Pitching for Durham Bulls : RHP Tyler Lybrand
Pitching: RHP Ken Vandercook
Batting: RHB Xavier Joslin 0-0: Called Strike
0-1: Ball
1-1: Called Strike
1-2: Ball
2-2: SINGLE (Line Drive, 4D, EV 95.6 MPH)
Batting: RHB Marty King 0-0: Foul Ball, location: 2F
0-1: Reached on error, E6 (Groundball, 56S, EV 85.6 MPH)
Xavier Joslin to second
Batting: SHB Ben Ervin 0-0: Fly out, F7 (Flyball, 78M, EV 90.0 MPH)
Batting: RHB Ernie Genier 0-0: Ball
1-0: Ball
2-0: SINGLE (Groundball, 6D, EV 107.5 MPH)
Xavier Joslin to third
Marty King to second
Batting: LHB Justin Wenzel 0-0: Ball
1-0: Ball
2-0: Foul Ball, location: 2F
2-1: SINGLE (Groundball, 34, EV 96.2 MPH)
Xavier Joslin scores
Marty King to third
Ernie Genier to second
Batting: RHB Mike Quackenbush 0-0: DOUBLE (Line Drive, 9LD, EV 99.4 MPH)
Marty King scores
Ernie Genier scores
Justin Wenzel to third
Runner from 3rd tries for Home, SAFE, no throw by RF
Pitching: RHP Corey Jacobson
Batting: RHB Garry Hash 0-0: Ball
1-0: Ball
2-0: Ground out U3 (Groundball, 34S, EV 86.9 MPH)
Mike Quackenbush to third
Batting: SHB Gus Cruz 0-0: Ball
1-0: Called Strike
1-1: SINGLE (Line Drive, 34, EV 103.1 MPH)
Mike Quackenbush scores
Batting: RHB Nate Dickinson 0-0: Swinging Strike
0-1: Ball
1-1: Foul Ball, location: 2F
1-2: Fly out, F4 (Flyball, 34D, EV 96.2 MPH)
Bottom of the 8th over - 5 runs, 5 hits, 1 error, 1 left on base; Durham 4 - Pawtucket 8
TOP OF THE 9TH
Durham Bulls batting - Pitching for Pawtucket Red Sox : LHP Ken Intagliata
Pitching: RHP Billy Fitzgerald
Batting: RHB Danny Diaz 0-0: Called Strike
0-1: SINGLE (Groundball, 6MD, EV 97.5 MPH)
Batting: LHB Austin Ohmer 0-0: Called Strike
0-1: Ball
1-1: Ball
2-1: Foul Ball, location: 2F
2-2: Fly out, F5 (Popup, 6, EV 62.5 MPH)
Batting: SHB Hans Mikkelsen 0-0: Swinging Strike
0-1: Foul Ball, location: 2F
0-2: Strikes out swinging
Batting: RHB Eugênio Asceno 0-0: Foul Ball, location: 2F
0-1: Ball
1-1: Ball
2-1: Ball
3-1: Foul Ball, location: 2F
3-2: Strikes out looking
Top of the 9th over - 0 runs, 1 hit, 0 errors, 1 left on base; Durham 4 - Pawtucket 8
Tuesday, September 13th , 2022 - OOTP Baseball 23.7 Build 88